 Dungeon Crawl Stone Soup version 0.26.1-10-gdfb7c7de75 (webtiles) character file.

Game seed: 12806960721871696978

8425 FishyPogo the Martial Artist (level 11, 0/74 HPs)
             Began as a Gnoll Transmuter on Apr 7, 2021.
             Was an Elder of Hepliaklqana.
             Slain by Gastronok (40 damage)
             ... on level 9 of the Dungeon.
             The game lasted 00:35:33 (10873 turns).

FishyPogo the Martial Artist (Gnoll Transmuter)    Turns: 10873, Time: 00:35:34

Health: 0/74       AC:  2    Str: 13    XL:     11   Next: 30%
Magic:  20/23      EV: 30    Int: 24    God:    Hepliaklqana [****..]
Gold:   447        SH:  0    Dex: 27    Spells: 13/26 levels left

rFire    . . .     SeeInvis .     - Unarmed
rCold    . . .     Faith    .   (shield currently unavailable)
rNeg     . . .     Spirit   .   (armour currently unavailable)
rPois    x         Reflect  .   (helmet currently unavailable)
rElec    .         Harm     .   (cloak currently unavailable)
rCorr    .         Rampage  .   (gloves currently unavailable)
Will     .....                  (boots currently unavailable)
Stlth    ++++......             x - amulet of the acrobat
HPRegen  0.22/turn              k - +6 ring of intelligence
MPRegen  0.18/turn              p - +6 ring of dexterity

@: spider-form
A: tiny, distributed training, reduced essence, strong nose
a: End Transformation, Renounce Religion, Recall Ancestor, Ancestor Identity,
Transference, Idealise


You were on level 9 of the Dungeon.
You worshipped Hepliaklqana.
Hepliaklqana was greatly pleased with you.
You were a venomous arachnid creature.
You visited 1 branch of the dungeon, and saw 9 of its levels.

You collected 522 gold pieces.
You spent 75 gold pieces at shops.

Inventory:

Hand Weapons
 d - a +1 dagger of electrocution (melded)
 F - a +1 vampiric rapier
 M - a +1 mace of holy wrath
 P - a +3 war axe
 Q - a +3 short sword
Missiles
 b - 450 stones
 i - 58 poisoned darts (quivered)
 n - 3 silver boomerangs
 B - 3 throwing nets
 E - 18 boomerangs
 L - 2 boomerangs of dispersal
Armour
 y - a +0 cloak (melded)
 K - a +2 robe of the Archmagi (melded)
 N - a +0 helmet (melded)
Jewellery
 k - a +6 ring of intelligence (left front leg)
 p - a +6 ring of dexterity (right front leg)
 x - an amulet of the acrobat (around neck)
Wands
 t - a wand of acid (14)
 w - a wand of iceblast (7)
 z - a wand of digging (5)
 I - a wand of disintegration (10)
Scrolls
 a - 4 scrolls of identify
 c - 4 scrolls of remove curse
 e - a scroll of immolation {unknown}
 f - a scroll of enchant weapon
 g - 3 scrolls of amnesia
 h - 3 scrolls of noise
 o - 3 scrolls of teleportation {unknown}
 r - a scroll of blinking {unknown}
 v - a scroll of fog {unknown}
 C - a scroll of random uselessness {unknown}
 D - a scroll of enchant armour {unknown}
 G - a scroll of magic mapping {unknown}
 O - a scroll of fear {unknown}
 R - a scroll of vulnerability {unknown}
Potions
 j - 4 potions of mutation {unknown}
 l - a potion of flight
 m - 6 potions of curing
 q - 2 potions of lignification
 s - a potion of haste
 u - a potion of cancellation
 A - a potion of heal wounds
 H - 2 potions of brilliance
 J - a potion of resistance {unknown}


   Skills:
 + Level 6.7 Fighting
 + Level 6.1 Short Blades
 + Level 6.1 Long Blades
 + Level 6.1 Axes
 + Level 6.1 Maces & Flails
 + Level 6.1 Polearms
 + Level 6.1 Staves
 + Level 6.1 Slings
 + Level 6.1 Bows
 + Level 6.1 Crossbows
 + Level 6.1 Throwing
 + Level 6.1 Armour
 + Level 7.8 Dodging
 + Level 6.1 Stealth
 + Level 6.1 Shields
 + Level 9.1 Unarmed Combat
 + Level 8.0 Spellcasting
 + Level 5.1 Conjurations
 + Level 5.1 Hexes
 + Level 5.1 Summonings
 + Level 5.1 Necromancy
 + Level 5.1 Translocations
 + Level 6.4 Transmutations
 + Level 5.1 Fire Magic
 + Level 5.1 Ice Magic
 + Level 5.1 Air Magic
 + Level 5.1 Earth Magic
 + Level 5.1 Poison Magic
 + Level 6.7 Invocations
 + Level 6.1 Evocations


You had 13 spell levels left.
You knew the following spells:

 Your Spells              Type           Power        Failure   Level
c - Mephitic Cloud        Conj/Pois/Air  34%          9%          3
k - Olgreb's Toxic Radia  Pois           34%          21%         4
n - Spider Form           Tmut/Pois      18%          8%          3
u - Wereblood             Tmut           40%          4%          2
y - Beastly Appendage     Tmut           80%          3%          1

Your spell library contained the following spells:

 Spells                   Type           Power        Failure   Level
 Sting                    Tmut/Pois      100%         4%          1
 Poisonous Vapours        Pois/Air       68%          6%          2
 Ignite Poison            Fire/Tmut/Pois 36%          8%          3
 Conjure Flame            Conj/Fire      34%          9%          3
 Ice Form                 Ice/Tmut       37%          17%         4
 Blade Hands              Tmut           20%          30%         5
 Metabolic Englaciation   Hex/Ice        17%          43%         5
 Freezing Cloud           Conj/Ice/Air   17%          90%         6
 Ozocubu's Refrigeration  Ice            17%          90%         6
 Simulacrum               Ice/Necr       17%          90%         6


Dungeon Overview and Level Annotations

Branches:
Dungeon (9/15)             Temple (0/1) D:4
   Lair: D:8-11         Orc: D:9-12

Altars:
Ashenzari
Cheibriados
Fedhas
Hepliaklqana
Kikubaaqudgha
Makhleb
Nemelex Xobeh
Okawaru
Ru
Xom
Zin

Shops:
D:7 *:*!(

Annotations:
D:6 exclusions: electric eel and 6 more exclusions
D:9 Gastronok


Innate Abilities, Weirdness & Mutations

Your experience applies equally to all skills.
((You have very sharp teeth.))
Your uncanny sense of smell can sniff out nearby items.
Your life essence is reduced to manifest your ancestor. (-10% HP)


Message History

You feel strangely numb. Gastronok bites you!!
You bite Gastronok!
Gastronok is poisoned.
Gastronok is heavily wounded.
You bite Gastronok!
Gastronok is heavily wounded.
Khenut hits Gastronok with a +0 dagger of draining!
Unknown command.
You bite Gastronok!
Gastronok looks as sick as possible!
Gastronok is severely wounded.
Khenut hits Gastronok with a +0 dagger of draining.
Gastronok casts a spell.
You bite Gastronok!
Gastronok looks as sick as possible!
Gastronok is severely wounded.
Khenut hits Gastronok but does no damage.
Unknown command.
You hit Gastronok but do no damage.
Gastronok is severely wounded.
The river rat barely misses Khenut.
Gastronok bites you!!!
Ouch! That really hurt!
You die...

............ ..... ............
#....... ............ #......
............####..... ...########
.................................
................... ............
.....r...# #...........
.....rw..# #...........
......Rs.# #..(........
.........####...........
........................
........$...............
#######..######..####..# #..#
#..# #..# #..# #..# #..# #..#
#..# #..# ∆...# #..# #...


You could see the friendly Khenut the hexer, Gastronok (extremely poisoned), a
river rat (summoned) and a rat (summoned).

Vanquished Creatures
  Pikel (D:7)
  3 orc knights (D:8)
  An orc sorcerer (D:8)
  A hornet (D:9)
  2 yaks (D:9)
  11 wargs (D:8)
  3 orc warriors (D:8)
  2 sky beasts (D:7)
  3 ogres
  2 phantoms (D:4)
  A centaur (D:7)
  5 big kobolds
  4 bullfrogs
  A scorpion (D:5)
  4 killer bees (D:9)
  3 wights (D:9)
  A howler monkey (D:8)
  A crimson imp (D:3)
  A bullfrog zombie (D:5)
  2 orc priests (D:8)
  A jelly (D:5)
  A gnoll shaman (D:4)
  5 hounds
  4 orc wizards
  Terence (D:2)
  3 iguanas
  3 worker ants
  A hexer (D:7)
  A hound skeleton (D:8)
  2 howler monkey zombies (D:5)
  7 gnolls
  A howler monkey skeleton (D:9)
  10 adders
  A shadow imp (D:7)
  2 oozes
  An adder skeleton (D:7)
  3 worms
  4 dart slugs
  4 leopard geckos
  34 orcs
  4 giant cockroaches
  6 goblins
  6 hobgoblins
  8 jackals
  38 kobolds
  2 quokkas
  2 bats (D:1)
  A frilled lizard (D:4)
  A jackal skeleton (D:5)
  A quokka skeleton (D:8)
  3 rats (D:1)
213 creatures vanquished.

Vanquished Creatures (collateral kills)
  An orc knight (D:8)
  A hornet (D:8)
  A yak (D:9)
  3 wargs (D:8)
  A sky beast (D:8)
  An ice beast (D:7)
  An ogre (D:4)
  A lemure (D:7)
  A scorpion (D:5)
  A killer bee (D:9)
  A hound (D:5)
  An orc priest (D:8)
  An iron imp (D:9)
  An orc wizard (D:3)
  An adder (D:4)
  2 leopard geckos
  10 orcs
  A frilled lizard (D:5)
  8 kobolds (D:6)
38 creatures vanquished.

Vanquished Creatures (others)
  3 hexers
  An ancestor (D:4)
  3 plants (D:8)
7 creatures vanquished.

Grand Total: 258 creatures vanquished

Notes
Turn   | Place    | Note
-------+----------+-------------------------------------------
     0 | D:1      | FishyPogo the Gnoll Transmuter began the quest for the Orb.
     0 | D:1      | Reached XP level 1. HP: 17/17 MP: 6/6
   365 | D:1      | Reached XP level 2. HP: 23/23 MP: 5/7
   940 | D:2      | Reached skill level 5 in Spellcasting
   940 | D:2      | Reached XP level 3. HP: 22/28 MP: 6/9
  1083 | D:2      | Reached skill level 1 in Invocations
  1236 | D:2      | Found a sparkling altar of Nemelex Xobeh.
  1402 | D:2      | Noticed Terence
  1407 | D:2      | Learned a level 3 spell: Spider Form
  1414 | D:2      | Killed Terence
  1415 | D:2      | Reached skill level 1 in Short Blades
  1415 | D:2      | Reached skill level 1 in Long Blades
  1415 | D:2      | Reached skill level 1 in Axes
  1415 | D:2      | Reached skill level 1 in Maces & Flails
  1415 | D:2      | Reached skill level 1 in Polearms
  1415 | D:2      | Reached skill level 1 in Staves
  1415 | D:2      | Reached skill level 1 in Slings
  1415 | D:2      | Reached skill level 1 in Bows
  1415 | D:2      | Reached skill level 1 in Crossbows
  1415 | D:2      | Reached skill level 1 in Throwing
  1415 | D:2      | Reached skill level 1 in Armour
  1415 | D:2      | Reached skill level 1 in Stealth
  1415 | D:2      | Reached skill level 1 in Shields
  1415 | D:2      | Reached skill level 1 in Evocations
  1415 | D:2      | Reached XP level 4. HP: 34/34 MP: 7/11
  1455 | D:2      | Found a hazy altar of Hepliaklqana.
  1455 | D:2      | Found a broken altar of Ashenzari.
  1463 | D:2      | Became a worshipper of Hepliaklqana the Forgotten
  1909 | D:3      | Reached skill level 1 in Conjurations
  1909 | D:3      | Reached skill level 1 in Hexes
  1909 | D:3      | Reached skill level 1 in Summonings
  1909 | D:3      | Reached skill level 1 in Necromancy
  1909 | D:3      | Reached skill level 1 in Translocations
  1909 | D:3      | Reached skill level 1 in Fire Magic
  1909 | D:3      | Reached skill level 1 in Ice Magic
  1909 | D:3      | Reached skill level 1 in Air Magic
  1909 | D:3      | Reached skill level 1 in Earth Magic
  1909 | D:3      | Reached skill level 1 in Poison Magic
  1991 | D:3      | Reached XP level 5. HP: 32/36 MP: 10/12
  2310 | D:3      | Found a blossoming altar of Fedhas.
  2390 | D:3      | Found a shimmering altar of Xom.
  2390 | D:3      | Found a burning altar of Makhleb.
  2476 | D:3      | Reached * piety under Hepliaklqana
  2483 | D:3      | Found an ancient bone altar of Kikubaaqudgha.
  2923 | D:3      | Learned a level 2 spell: Wereblood
  3075 | D:4      | Noticed an ogre
  3110 | D:4      | Reached XP level 6. HP: 27/42 MP: 11/13
  3120 | D:4      | Reached skill level 5 in Dodging
  3447 | D:4      | Noticed a phantom
  3448 | D:4      | Noticed a phantom
  3457 | D:4      | Found a staircase to the Ecumenical Temple.
  3475 | D:4      | Killed a phantom
  3476 | D:4      | Reached XP level 7. HP: 19/46 MP: 12/15
  3507 | D:4      | Reached skill level 7 in Unarmed Combat
  4270 | D:4      | Reached ** piety under Hepliaklqana
  4271 | D:4      | Remembered your ancestor Khenut as a hexer
  4539 | D:5      | Entered Level 5 of the Dungeon
  4753 | D:5      | Reached XP level 8. HP: 34/54 MP: 16/16
  5154 | D:5      | Found a burning altar of Makhleb.
  5352 | D:5      | Found a glowing silver altar of Zin.
  5352 | D:5      | Noticed an angel
  5723 | D:6      | Found an iron altar of Okawaru.
  6373 | D:6      | Reached *** piety under Hepliaklqana
  6777 | D:6      | HP: 1/54 [gnoll/+0 spear (7)]
  6778 | D:6      | Reached skill level 5 in Transmutations
  6778 | D:6      | Reached XP level 9. HP: 2/59 MP: 18/18
  7481 | D:7      | Found a sacrificial altar of Ru.
  7596 | D:7      | Found Qeluer's Weapon Emporium.
  7596 | D:7      | Noticed Pikel
  7639 | D:7      | Killed Pikel
  7640 | D:7      | Reached skill level 5 in Fighting
  7960 | D:7      | Found Poothug's Distillery.
  7960 | D:7      | Found Uzosos's Assorted Antiques.
  7964 | D:7      | Found Ocuotyg's General Store.
  7971 | D:7      | Found Pyti's Book Emporium.
  7993 | D:7      | Bought a scroll labelled PACZIM HIRCH for 25 gold pieces
  7993 | D:7      | Bought a scroll labelled WECANUPI UFRA for 25 gold pieces
  7993 | D:7      | Bought a scroll labelled RAANTY KITOABUNIW for 25 gold
                  | pieces
  8068 | D:7      | Acquired a book of Clouds
  8130 | D:7      | Learned a level 3 spell: Mephitic Cloud
  8222 | D:7      | Reached skill level 8 in Unarmed Combat
  8512 | D:8      | Noticed a hornet
  8523 | D:8      | Killed a hornet
  8524 | D:8      | Reached skill level 5 in Invocations
  8785 | D:8      | Reached XP level 10. HP: 35/66 MP: 17/20
  9140 | D:8      | Reached **** piety under Hepliaklqana
  9143 | D:8      | Reached skill level 5 in Short Blades
  9143 | D:8      | Reached skill level 5 in Long Blades
  9143 | D:8      | Reached skill level 5 in Axes
  9143 | D:8      | Reached skill level 5 in Maces & Flails
  9143 | D:8      | Reached skill level 5 in Polearms
  9143 | D:8      | Reached skill level 5 in Staves
  9143 | D:8      | Reached skill level 5 in Slings
  9143 | D:8      | Reached skill level 5 in Bows
  9143 | D:8      | Reached skill level 5 in Crossbows
  9143 | D:8      | Reached skill level 5 in Throwing
  9143 | D:8      | Reached skill level 5 in Armour
  9143 | D:8      | Reached skill level 5 in Stealth
  9143 | D:8      | Reached skill level 5 in Shields
  9143 | D:8      | Reached skill level 5 in Evocations
  9231 | D:8      | Found a sacrificial altar of Ru.
  9309 | D:8      | Learned a level 4 spell: Olgreb's Toxic Radiance
  9338 | D:8      | Noticed an orc knight
  9353 | D:8      | Killed an orc knight
  9418 | D:8      | Noticed an orc knight
  9428 | D:8      | Killed an orc knight
  9440 | D:8      | Noticed an orc sorcerer
  9450 | D:8      | Killed an orc sorcerer
  9464 | D:8      | Noticed an orc knight
  9483 | D:8      | Killed an orc knight
  9816 | D:8      | Noticed an orc knight
  9827 | D:8      | Killed an orc knight
 10079 | D:8      | Reached XP level 11. HP: 72/74 MP: 13/22
 10125 | D:8      | Reached skill level 9 in Unarmed Combat
 10409 | D:8      | Reached skill level 5 in Conjurations
 10409 | D:8      | Reached skill level 5 in Hexes
 10409 | D:8      | Reached skill level 5 in Summonings
 10409 | D:8      | Reached skill level 5 in Necromancy
 10409 | D:8      | Reached skill level 5 in Translocations
 10409 | D:8      | Reached skill level 5 in Fire Magic
 10409 | D:8      | Reached skill level 5 in Ice Magic
 10409 | D:8      | Reached skill level 5 in Air Magic
 10409 | D:8      | Reached skill level 5 in Earth Magic
 10409 | D:8      | Reached skill level 5 in Poison Magic
 10733 | D:9      | Found a snail-covered altar of Cheibriados.
 10859 | D:9      | Noticed Gastronok
 10873 | D:9      | Slain by Gastronok

Illustrated notes

Levels and vault maps discovered:
D:1:      dpeg_arrival_stone_temple_mockup, layout_basic
D:2:      layout_basic, chequers_temple_overflow_statue_of_worship,
          nemelex_xobeh_ov_fountains_minmay, uniq_terence
D:3:      layout_loops_corners, grunt_temple_overflow_champion_of_chaos,
          kiku_gazebo_garden_becter, lemuel_crystal_altar
D:4:      layout_cave_pods, temple_statues, serial_park, serial_park_avenue1,
          serial_park_tiny_2, serial_park_gazebo [serial_park_minivault_5x5_8],
          serial_park_square3 [serial_park_minivault_5x5_2], wad_orctagon
D:5:      layout_basic, zin_angel, makhleb_blood_cavern_becter
D:6:      minmay_goblin_kobold_castle, layout_basic, overflow_temple_1_default
D:7:      layout_gridville, serial_shops, shop, basic_altar,
          minmay_shop_grid_forest, uniq_pikel
D:8:      lemuel_castle_with_subvaults [lemuel_castle_interior_carwin_3],
          layout_loops_cross, basic_altar
D:9:      layout_small_grid, slow_altar_2, uniq_gastronok

Skill      XL: |  1  2  3  4  5  6  7  8  9 10 11 |
---------------+----------------------------------+-----
Spellcasting   | 5 6 7 8 |  8.0
Invocations    | 1 2 3 4 5 6 |  6.7
Short Blades   | 1 2 3 4 5 6 |  6.1
Long Blades    | 1 2 3 4 5 6 |  6.1
Axes           | 1 2 3 4 5 6 |  6.1
Maces & Flails | 1 2 3 4 5 6 |  6.1
Polearms       | 1 2 3 4 5 6 |  6.1
Staves         | 1 2 3 4 5 6 |  6.1
Slings         | 1 2 3 4 5 6 |  6.1
Bows           | 1 2 3 4 5 6 |  6.1
Crossbows      | 1 2 3 4 5 6 |  6.1
Throwing       | 1 2 3 4 5 6 |  6.1
Armour         | 1 2 3 4 5 6 |  6.1
Stealth        | 1 2 3 4 5 6 |  6.1
Shields        | 1 2 3 4 5 6 |  6.1
Evocations     | 1 2 3 4 5 6 |  6.1
Conjurations   | 1 2 3 4 5 |  5.1
Hexes          | 1 2 3 4 5 |  5.1
Summonings     | 1 2 3 4 5 |  5.1
Necromancy     | 1 2 3 4 5 |  5.1
Translocations | 1 2 3 4 5 |  5.1
Fire Magic     | 1 2 3 4 5 |  5.1
Ice Magic      | 1 2 3 4 5 |  5.1
Air Magic      | 1 2 3 4 5 |  5.1
Earth Magic    | 1 2 3 4 5 |  5.1
Poison Magic   | 1 2 3 4 5 |  5.1
Fighting       | 3 4 5 6 |  6.7
Transmutations | 4 5 6 |  6.4
Dodging        | 5 6 7 |  7.8
Unarmed Combat | 7 8 9 |  9.1

Action                   |  1- 3 |  4- 6 |  7- 9 | 10-12 || total
-------------------------+-------+-------+-------+-------++-------
Melee: Unarmed           |    14 |    17 |    40 |    88 ||   159
       Dagger            |    30 |    57 |    66 |     1 ||   154
       Kick              |     8 |    10 |    50 |    18 ||    86
       Headbutt          |     5 |     8 |    34 |    12 ||    59
       Bite              |     2 |     7 |    27 |    13 ||    49
       Punch             |       |     2 |     8 |     5 ||    15
       Rapier            |       |       |   182 |    66 ||   248
       War axe           |       |       |       |    18 ||    18
       Mace              |       |       |       |     6 ||     6
       Short sword       |       |       |       |     5 ||     5
Throw: Dart              |       |     3 |       |       ||     3
 Cast: Beastly Appendage |    15 |    13 |    32 |     7 ||    67
       Spider Form       |     1 |     2 |     3 |     7 ||    13
       Wereblood         |       |     1 |     9 |     2 ||    12
       Mephitic Cloud    |       |       |     2 |     3 ||     5
       Olgreb's Toxic Ra |       |       |       |    10 ||    10
Invok: Ancestor Life: He |       |       |     1 |       ||     1
  Use: Scroll            |       |     1 |    11 |       ||    12
 Stab: Sleeping          |       |     3 |    12 |     4 ||    19
       Distracted        |       |     1 |     6 |     3 ||    10
       Confused          |       |       |     8 |     6 ||    14
Armor: Robe              |     4 |     4 |    24 |     6 ||    38
       Skin              |       |       |       |     2 ||     2
Dodge: Dodged            |    18 |    47 |   265 |   133 ||   463
